TOP OF THE 1ST |
Hudson Valley Renegades batting - Pitching for Connecticut Tigers : RHP Alan Grossfeld
|
Pitching: RHP Alan Grossfeld
|
|
Batting: LHB Jonathan Spino
|
0-0: Fly out, F3 (Line Drive, 34, EV 71.9 MPH)
|
Batting: SHB Josif Popovski
|
0-0: Ball 1-0: Ball 2-0: Swinging Strike 2-1: Called Strike 2-2: Strikes out swinging
|
Batting: LHB Rocky Crowley
|
0-0: Ball 1-0: Ball 2-0: Foul Ball, location: 2F 2-1: Ball 3-1: Called Strike 3-2: Foul Ball, location: 2F 3-2: Strikes out looking
|
Top of the 1st over - 0 runs, 0 hits, 0 errors, 0 left on base; Hudson Valley 0 - Connecticut 0 |
BOTTOM OF THE 1ST |
Connecticut Tigers batting - Pitching for Hudson Valley Renegades : LHP Julian Roe
|
Pitching: LHP Julian Roe
|
|
Batting: SHB Ian Arlotta
|
0-0: SINGLE (Groundball, 5S, EV 66.2 MPH) (infield hit)
|
Batting: RHB Jaden Warrior
|
0-0: Ball 1-0: DOUBLE (Groundball, 5L, EV 105.6 MPH) Ian Arlotta to third
|
Batting: RHB Zack DiCicco
|
0-0: Swinging Strike 0-1: Foul Ball, location: 2F 0-2: Ball 1-2: Strikes out swinging
|
Batting: RHB Tony Nunez
|
0-0: Ball 1-0: Called Strike 1-1: Ground out 5-3 (Groundball, 56S, EV 81.9 MPH) Ian Arlotta scores
|
Batting: RHB Jeremiah Washington
|
0-0: Fly out, F9 (Flyball, 89M, EV 89.4 MPH)
|
Bottom of the 1st over - 1 run, 2 hits, 0 errors, 1 left on base; Hudson Valley 0 - Connecticut 1 |
TOP OF THE 2ND |
Hudson Valley Renegades batting - Pitching for Connecticut Tigers : RHP Alan Grossfeld
|
Batting: LHB Helmut Steggall
|
0-0: SINGLE (Line Drive, 5D, EV 99.4 MPH)
|
Batting: RHB Jon Gonzales
|
0-0: Swinging Strike 0-1: Ball 1-1: Ball Helmut Steggall steals 2nd base 2-1: Called Strike 2-2: Foul Ball, location: 2F 2-2: Fly out, F4 (Line Drive, 4, EV 67.5 MPH)
|
Batting: RHB Alex Koral
|
0-0: Foul Ball, location: 2F 0-1: Ball 1-1: Ball 2-1: Foul Ball, location: 2F 2-2: Foul Ball, location: 2F 2-2: Ball 3-2: SINGLE (Flyball, 89S, EV 95.6 MPH) Helmut Steggall to third Runner from 3rd tries for Home, SAFE, throw by RF to home Alex Koral to second
|
Batting: LHB Dan Hunt
|
0-0: Ball 1-0: Called Strike 1-1: Ball 2-1: Ball 3-1: Base on Balls
|
Batting: SHB Joshua Jackson
|
0-0: Called Strike Alex Koral steals 3rd base Dan Hunt to second 0-1: Foul Ball, location: 2F 0-2: Strikes out swinging
|
Batting: RHB Evan Chalarian
|
0-0: Ground out 4-3 (Groundball, 34, EV 106.9 MPH)
|
Top of the 2nd over - 1 run, 2 hits, 0 errors, 2 left on base; Hudson Valley 1 - Connecticut 1 |
BOTTOM OF THE 2ND |
Connecticut Tigers batting - Pitching for Hudson Valley Renegades : LHP Julian Roe
|
Batting: LHB Antonio Luis
|
0-0: Ball 1-0: Ball 2-0: Ball 3-0: Base on Balls
|
Batting: RHB Jordan Hall
|
0-0: DOUBLE (Groundball, 5L, EV 102.5 MPH) Antonio Luis to third Runner from 3rd tries for Home, SAFE, throw by LF to home
|
Batting: RHB Kaleb Yerger
|
0-0: Called Strike 0-1: Fly out, F8 (Flyball, 89M, EV 90.6 MPH)
|
Batting: RHB Jonathan Ridgely
|
0-0: Ball 1-0: Ball 2-0: Ball 3-0: Called Strike 3-1: Foul Ball, location: 2F 3-2: Strikes out swinging
|
Batting: SHB Ian Arlotta
|
0-0: Ground out 1-3 (Groundball, 15S, EV 65.0 MPH)
|
Bottom of the 2nd over - 1 run, 1 hit, 0 errors, 1 left on base; Hudson Valley 1 - Connecticut 2 |
TOP OF THE 3RD |
Hudson Valley Renegades batting - Pitching for Connecticut Tigers : RHP Alan Grossfeld
|
Batting: LHB Jonathan Spino
|
0-0: Swinging Strike 0-1: Ball 1-1: Ball 2-1: Ball 3-1: Ground out U3 (Groundball, 34S, EV 88.1 MPH)
|
Batting: SHB Josif Popovski
|
0-0: Swinging Strike 0-1: Foul Ball, location: 2F 0-2: Ground out 6-3 (Groundball, 56, EV 87.5 MPH)
|
Batting: LHB Rocky Crowley
|
0-0: Called Strike 0-1: Ball 1-1: DOUBLE (Line Drive, 8LXD, EV 105.6 MPH)
|
Batting: LHB Helmut Steggall
|
0-0: Ball 1-0: Ball 2-0: Ball 3-0: Base on Balls
|
Batting: RHB Jon Gonzales
|
0-0: Ball 1-0: Fly out, F7 (Flyball, 7S, EV 80.0 MPH)
|
Top of the 3rd over - 0 runs, 1 hit, 0 errors, 2 left on base; Hudson Valley 1 - Connecticut 2 |
BOTTOM OF THE 3RD |
Connecticut Tigers batting - Pitching for Hudson Valley Renegades : LHP Julian Roe
|
Batting: RHB Jaden Warrior
|
0-0: Ball 1-0: Ground out 5-3 (Groundball, 56S, EV 87.5 MPH)
|
Batting: RHB Zack DiCicco
|
0-0: Swinging Strike 0-1: Ball 1-1: Ball 2-1: SOLO HOME RUN (Flyball, 7LD, EV 95.6 MPH), Distance : 360 ft
|
Batting: RHB Tony Nunez
|
0-0: Ball 1-0: Ball 2-0: Ball 3-0: Called Strike 3-1: Foul Ball, location: 2F 3-2: Foul Ball, location: 2F 3-2: Foul Ball, location: 2F 3-2: Foul Ball, location: 2F 3-2: Foul Ball, location: 2F 3-2: SINGLE (Groundball, 34D, EV 109.4 MPH)
|
Batting: RHB Jeremiah Washington
|
0-0: Ball 1-0: Ball 2-0: Ball 3-0: Base on Balls Tony Nunez to second
|
Batting: LHB Antonio Luis
|
0-0: Ball 1-0: Ball 2-0: Foul Ball, location: 2F 2-1: Foul Ball, location: 2F 2-2: Fielders Choice at 2nd, 3-6 (Groundball, 34S, EV 86.2 MPH) Tony Nunez to third
|
Batting: RHB Jordan Hall
|
0-0: Ball 1-0: Foul Ball, location: 2F 1-1: Foul Ball, location: 2F 1-2: Ball 2-2: Ball 3-2: Foul Ball, location: 2F 3-2: Strikes out swinging
|
Bottom of the 3rd over - 1 run, 2 hits, 0 errors, 2 left on base; Hudson Valley 1 - Connecticut 3 |
TOP OF THE 4TH |
Hudson Valley Renegades batting - Pitching for Connecticut Tigers : RHP Alan Grossfeld
|
Batting: RHB Alex Koral
|
0-0: Ball 1-0: Ball 2-0: Swinging Strike 2-1: Foul Ball, location: 2F 2-2: Strikes out swinging
|
Batting: LHB Dan Hunt
|
0-0: Called Strike 0-1: Swinging Strike 0-2: Strikes out swinging, 2-3 out at first.
|
Batting: SHB Joshua Jackson
|
0-0: Ball 1-0: Ball 2-0: Foul Ball, location: 2F 2-1: Ground out 6-3 (Groundball, 6M, EV 108.8 MPH)
|
Top of the 4th over - 0 runs, 0 hits, 0 errors, 0 left on base; Hudson Valley 1 - Connecticut 3 |
BOTTOM OF THE 4TH |
Connecticut Tigers batting - Pitching for Hudson Valley Renegades : LHP Julian Roe
|
Batting: RHB Kaleb Yerger
|
0-0: Ball 1-0: Foul Ball, location: 2F 1-1: Ball 2-1: Called Strike 2-2: Foul Ball, location: 2F 2-2: Strikes out looking
|
Batting: RHB Jonathan Ridgely
|
0-0: Called Strike 0-1: Called Strike 0-2: Ball 1-2: Ball 2-2: Foul Ball, location: 2F 2-2: Foul Ball, location: 2F 2-2: Ground out 4-3 (Groundball, 4, EV 89.4 MPH)
|
Batting: SHB Ian Arlotta
|
0-0: Fly out, F9 (Line Drive, 9LS, EV 101.9 MPH)
|
Bottom of the 4th over - 0 runs, 0 hits, 0 errors, 0 left on base; Hudson Valley 1 - Connecticut 3 |
TOP OF THE 5TH |
Hudson Valley Renegades batting - Pitching for Connecticut Tigers : RHP Alan Grossfeld
|
Batting: RHB Evan Chalarian
|
0-0: Ball 1-0: Called Strike 1-1: Ball 2-1: Called Strike 2-2: Fly out, F8 (Flyball, 8RS, EV 81.9 MPH)
|
Batting: LHB Jonathan Spino
|
0-0: Ball 1-0: Ball 2-0: SINGLE (Groundball, 5S, EV 73.8 MPH) (infield hit)
|
Batting: SHB Josif Popovski
|
0-0: Ball Jonathan Spino steals 2nd base (no throw) 1-0: Called Strike 1-1: DOUBLE (Line Drive, 8RD, EV 106.2 MPH) Jonathan Spino scores
|
Batting: LHB Rocky Crowley
|
0-0: Ball Wild Pitch! Josif Popovski to third 1-0: Called Strike 1-1: Called Strike 1-2: SINGLE (Line Drive, 56D, EV 97.5 MPH) Josif Popovski scores
|
Batting: LHB Helmut Steggall
|
0-0: Ball Rocky Crowley is caught stealing 2nd base 2-6 1-0: Swinging Strike 1-1: Foul Ball, location: 2F 1-2: Strikes out looking
|
Top of the 5th over - 2 runs, 3 hits, 0 errors, 0 left on base; Hudson Valley 3 - Connecticut 3 |
BOTTOM OF THE 5TH |
Connecticut Tigers batting - Pitching for Hudson Valley Renegades : LHP Julian Roe
|
Batting: RHB Jaden Warrior
|
0-0: Ball 1-0: Swinging Strike 1-1: Foul Ball, location: 2F 1-2: SINGLE (Line Drive, 8LS, EV 110.6 MPH)
|
Batting: RHB Zack DiCicco
|
0-0: Called Strike 0-1: Ball 1-1: Foul Ball, location: 2F 1-2: Foul Ball, location: 2F 1-2: Ball 2-2: Ball 3-2: Base on Balls Jaden Warrior to second
|
Batting: RHB Tony Nunez
|
0-0: Ball 1-0: Called Strike 1-1: Ball 2-1: Ball Wild Pitch! Jaden Warrior to third Zack DiCicco to second 3-1: Swinging Strike 3-2: Foul Ball, location: 2F 3-2: Foul Ball, location: 2F 3-2: Foul Ball, location: 2F 3-2: Base on Balls
|
Pitching: RHP Takenori Iwata
|
|
Batting: RHB Jeremiah Washington
|
0-0: Fly out, F7 (Flyball, 7D, EV 86.2 MPH) Runner from 3rd tags up, SCORES, no throw by LF
|
Batting: LHB Antonio Luis
|
0-0: Ball 1-0: Called Strike 1-1: Ball 2-1: Foul Ball, location: 2F 2-2: Ball 3-2: DOUBLE (Line Drive, 78M, EV 88.1 MPH) Zack DiCicco scores Tony Nunez to third
|
Batting: RHB Jordan Hall
|
0-0: Called Strike 0-1: Swinging Strike 0-2: Ball 1-2: Ball 2-2: Strikes out swinging
|
Batting: RHB Kaleb Yerger
|
0-0: Ball 1-0: Ball 2-0: Foul Ball, location: 2F 2-1: Called Strike 2-2: Foul Ball, location: 2F 2-2: Foul Ball, location: 2F 2-2: Ball 3-2: Base on Balls
|
Batting: RHB Jonathan Ridgely
|
0-0: Called Strike 0-1: Foul Ball, location: 2F 0-2: Ball 1-2: Ball 2-2: Fielders Choice at 2nd, 5-4 (Groundball, 56, EV 88.1 MPH)
|
Bottom of the 5th over - 2 runs, 2 hits, 0 errors, 3 left on base; Hudson Valley 3 - Connecticut 5 |
TOP OF THE 6TH |
Hudson Valley Renegades batting - Pitching for Connecticut Tigers : RHP Alan Grossfeld
|
Batting: RHB Jon Gonzales
|
0-0: Fly out, F8 (Flyball, 8LD, EV 101.2 MPH)
|
Batting: RHB Alex Koral
|
0-0: Fly out, F9 (Line Drive, 9S, EV 93.8 MPH)
|
Batting: LHB Dan Hunt
|
0-0: Foul Ball, location: 2F 0-1: Swinging Strike 0-2: Strikes out looking
|
Top of the 6th over - 0 runs, 0 hits, 0 errors, 0 left on base; Hudson Valley 3 - Connecticut 5 |
BOTTOM OF THE 6TH |
Connecticut Tigers batting - Pitching for Hudson Valley Renegades : RHP Takenori Iwata
|
Batting: SHB Ian Arlotta
|
0-0: Fly out, F7 (Flyball, 78S, EV 95.6 MPH)
|
Batting: RHB Jaden Warrior
|
0-0: Called Strike 0-1: Ground out 6-3 (Groundball, 6MD, EV 97.5 MPH)
|
Batting: RHB Zack DiCicco
|
0-0: Ball 1-0: Ball 2-0: Foul Ball, location: 2F 2-1: Foul Ball, location: 2F 2-2: Foul Ball, location: 2F 2-2: Foul Ball, location: 2F 2-2: Ball 3-2: TRIPLE (Flyball, 8LXD, EV 99.4 MPH)
|
Batting: RHB Tony Nunez
|
0-0: Ball 1-0: Swinging Strike 1-1: Swinging Strike 1-2: Ball 2-2: SINGLE (Line Drive, 7LS, EV 108.1 MPH) Zack DiCicco scores
|
Batting: RHB Jeremiah Washington
|
0-0: Called Strike 0-1: Ball 1-1: SINGLE (Groundball, 6MD, EV 101.9 MPH) Tony Nunez to second
|
Batting: LHB Antonio Luis
|
0-0: Called Strike 0-1: Called Strike 0-2: SINGLE (Groundball, 3D, EV 96.2 MPH) Tony Nunez to third Jeremiah Washington to second Runner from 3rd tries for Home, SAFE, throw by RF to home
|
Batting: RHB Jordan Hall
|
0-0: Ball 1-0: Called Strike 1-1: 3-RUN HOME RUN (Flyball, 78XD, EV 110.0 MPH), Distance : 440 ft
|
Pitching: LHP Toshiaki Wada
|
|
Batting: RHB Kaleb Yerger
|
0-0: Ball 1-0: Ball 2-0: Ball 3-0: Base on Balls
|
Batting: RHB Jonathan Ridgely
|
0-0: Foul Ball, location: 2F 0-1: Ball 1-1: Ball 2-1: Foul Ball, location: 2F 2-2: Foul Ball, location: 2F 2-2: 2-RUN HOME RUN (Flyball, 7D, EV 96.9 MPH), Distance : 400 ft
|
Batting: SHB Ian Arlotta
|
0-0: Ball 1-0: Ground out 6-3 (Groundball, 6, EV 90.0 MPH)
|
Bottom of the 6th over - 7 runs, 6 hits, 0 errors, 0 left on base; Hudson Valley 3 - Connecticut 12 |
TOP OF THE 7TH |
Hudson Valley Renegades batting - Pitching for Connecticut Tigers : RHP Alan Grossfeld
|
Pinch Hitting: RHB Jesus Carrillo
|
0-0: Foul Ball, location: 2F 0-1: Ball 1-1: Ground out 4-3 (Groundball, 34, EV 84.4 MPH)
|
Pinch Hitting: LHB Alex Genao
|
0-0: Called Strike 0-1: Fly out, F8 (Flyball, 8RM, EV 91.2 MPH)
|
Pinch Hitting: SHB Chris Lockart
|
0-0: Ball 1-0: Ball 2-0: Fly out, F9 (Flyball, 9, EV 91.2 MPH)
|
Top of the 7th over - 0 runs, 0 hits, 0 errors, 0 left on base; Hudson Valley 3 - Connecticut 12 |
BOTTOM OF THE 7TH |
Connecticut Tigers batting - Pitching for Hudson Valley Renegades : LHP Toshiaki Wada
|
Now at 2B: Alex Genao
|
|
Now at 3B: Jesus Carrillo
|
|
Now in RF: Chris Lockart
|
|
Pinch Hitting: RHB Juan Perez
|
0-0: Foul Ball, location: 2F 0-1: Ball 1-1: Ball 2-1: Ball 3-1: SOLO HOME RUN (Flyball, 7D, EV 96.2 MPH), Distance : 384 ft
|
Batting: RHB Zack DiCicco
|
0-0: Ball 1-0: Ground out 6-3 (Groundball, 6, EV 86.9 MPH)
|
Batting: RHB Tony Nunez
|
0-0: Called Strike 0-1: Ball 1-1: Called Strike 1-2: Ball 2-2: Ball 3-2: Strikes out swinging
|
Batting: RHB Jeremiah Washington
|
0-0: Ball 1-0: Foul Ball, location: 2F 1-1: Foul Ball, location: 2F 1-2: DOUBLE (Line Drive, 78D, EV 101.2 MPH)
|
Batting: LHB Antonio Luis
|
0-0: Called Strike 0-1: Foul Ball, location: 2F 0-2: Ball 1-2: Strikes out swinging
|
Bottom of the 7th over - 1 run, 2 hits, 0 errors, 1 left on base; Hudson Valley 3 - Connecticut 13 |
TOP OF THE 8TH |
Hudson Valley Renegades batting - Pitching for Connecticut Tigers : RHP Alan Grossfeld
|
Now at 1B: Eisse Wijnja
|
|
Pinch Hitting: RHB Mark Richert
|
0-0: Called Strike 0-1: Called Strike 0-2: Ball 1-2: Strikes out swinging
|
Pinch Hitting: RHB Jeremy Whitehurst
|
0-0: Called Strike 0-1: Ball 1-1: Called Strike 1-2: Ball 2-2: Strikes out looking
|
Batting: LHB Helmut Steggall
|
0-0: Ground out 5-3 (Groundball, 56D, EV 100.0 MPH)
|
Top of the 8th over - 0 runs, 0 hits, 0 errors, 0 left on base; Hudson Valley 3 - Connecticut 13 |
BOTTOM OF THE 8TH |
Connecticut Tigers batting - Pitching for Hudson Valley Renegades : LHP Toshiaki Wada
|
Now at SS: Mark Richert
|
|
Now in LF: Devin Brown
|
|
Batting: RHB Jordan Hall
|
0-0: Called Strike 0-1: Ball 1-1: Ball 2-1: Foul Ball, location: 2F 2-2: DOUBLE (Line Drive, 89XD, EV 106.9 MPH)
|
Batting: RHB Kaleb Yerger
|
0-0: Ball 1-0: SINGLE (Groundball, 4MD, EV 99.4 MPH) Jordan Hall to third Runner from 3rd tries for Home, SAFE, throw by CF to home Kaleb Yerger to second
|
Batting: RHB Jonathan Ridgely
|
0-0: Foul Ball, location: 2F 0-1: Called Strike 0-2: Foul Ball, location: 2F 0-2: Ball 1-2: Strikes out swinging
|
Pitching: RHP Alex Aguilar
|
|
Batting: SHB Ian Arlotta
|
0-0: Ball 1-0: Ball 2-0: Swinging Strike 2-1: Called Strike 2-2: Strikes out looking
|
Batting: SHB Eisse Wijnja
|
0-0: Ground out 3-1 (Groundball, 34, EV 84.4 MPH)
|
Bottom of the 8th over - 1 run, 2 hits, 0 errors, 1 left on base; Hudson Valley 3 - Connecticut 14 |
TOP OF THE 9TH |
Hudson Valley Renegades batting - Pitching for Connecticut Tigers : RHP Alan Grossfeld
|
Batting: RHB Jon Gonzales
|
0-0: Ball 1-0: Fly out, F8 (Flyball, 8RM, EV 88.8 MPH)
|
Pinch Hitting: RHB Greg Grayson
|
0-0: Ball 1-0: Called Strike 1-1: Swinging Strike 1-2: Strikes out swinging
|
Batting: LHB Dan Hunt
|
0-0: Swinging Strike 0-1: Called Strike 0-2: Ball 1-2: Ground out 4-3 (Groundball, 4D, EV 80.6 MPH)
|
Top of the 9th over - 0 runs, 0 hits, 0 errors, 0 left on base; Hudson Valley 3 - Connecticut 14 |
|